 Dungeon Crawl Stone Soup version 0.30-a0-279-g4b46babb21 (webtiles) character file.

Game seed: 11086335973095768510

358 SmokeWeed the Slasher (level 6, -3/47 HPs)
             Began as a Merfolk Gladiator on Oct 16, 2022.
             Slain by Duvessa
             ... wielding a +0 rapier
              (7 damage)
             ... on level 6 of the Dungeon.
             The game lasted 00:19:45 (2008 turns).

SmokeWeed the Slasher (Merfolk Gladiator)           Turns: 2008, Time: 00:19:46

Health: -3/47      AC: 12    Str: 17    XL:     6   Next: 64%
Magic:  6/6        EV:  8    Int: 13    God:
Gold:   91         SH:  0    Dex: 15    Spells: 5/5 levels left

rFire   . . .      SeeInvis .    a - +0 long sword
rCold   . . .      Faith    .    (no shield)
rNeg    . . .      Spirit   .    r - +0 chain mail
rPois   .          Reflect  .    c - +0 helmet
rElec   .          Harm     .    d - +2 cloak
rCorr   +          Rampage  .    (no gloves)
Will    .....                    (no boots)
Stlth   ..........               (no amulet)
HPRegen 0.27/turn                g - +6 ring of intelligence
MPRegen 0.10/turn                h - ring of resist corrosion

@: no status effects
A: (nimble swimmer 2), mertail
a: no special abilities


You were on level 6 of the Dungeon.
You visited 1 branch of the dungeon, and saw 4 of its levels.

You collected 91 gold pieces.

Inventory:

Hand Weapons
 a - a +0 long sword (weapon)
 f - a +1 short sword of venom
Missiles
 e - a javelin
 j - 13 stones
 n - 7 boomerangs (quivered)
Armour
 b - a +0 leather armour
 c - a +0 helmet (worn)
 d - a +2 cloak (worn)
 r - a +0 chain mail (worn)
Jewellery
 g - a +6 ring of intelligence (left hand)
 h - a ring of resist corrosion (right hand)
Scrolls
 i - 2 scrolls of teleportation
 l - a scroll of acquirement
 m - 2 scrolls of fear {unknown}
 p - a scroll of silence {unknown}
Potions
 k - a potion of cancellation
 o - a potion of haste {unknown}
 q - a potion of curing {unknown}


   Skills:
 + Level 3.2 Fighting
 + Level 5.9 Long Blades
 + Level 3.6 Throwing
 + Level 1.7 Armour
 + Level 4.5 Dodging
 + Level 1.4 Stealth


You had 5 spell levels left.
You didn't know any spells.
Your spell library contained the following spells:

 Spells                   Type           Power      Damage    Failure   Level
 Ozocubu's Armour         Ice            0%         N/A       100%        3
 Metabolic Englaciation   Hex/Ice        0%         N/A       100%        5
 Simulacrum               Ice/Necr       0%         N/A       100%        6


Dungeon Overview and Level Annotations

Branches:
Dungeon (6/15)             Temple (0/1) D:6

Altars:

Annotations:
D:6 Duvessa


Innate Abilities, Weirdness & Mutations

((You are very nimble when in or above water. (Stealth+, EV+, Speed+++)))
Your lower body shifts to a powerful aquatic tail in water.


Message History

e - a javelin;
n - 7 boomerangs (gained 3)
You now have 91 gold pieces (gained 11).
Things that are here:
a +0 whip; a +0 chain mail; an orc corpse
r - a +0 chain mail You start removing your armour.
You continue taking off your +0 leather armour. x4
You finish taking off your +0 leather armour.
You start putting on your armour.
You continue putting on your +0 chain mail. x5
You finish putting on your +0 chain mail.
HP restored.
Duvessa, Sister of Dowan comes into view.
She is wielding a +0 rapier, wearing a +2 leather armour of cold resistance and carrying a wand of flame (11).
Duvessa shouts!
Duvessa goes berserk!
You hear an angry hiss.
You hear a shout!
Something shouts, "Flee, thou feeble nose-picking scavenger!"
Duvessa rages.
Duvessa hits you with a +0 rapier! Duvessa attacks as you move away!
Duvessa hits you with a +0 rapier. Duvessa barely misses you.
Duvessa attacks as you move away! Duvessa hits you with a +0 rapier!
You slash Duvessa! Your punch misses Duvessa.
Duvessa is lightly wounded.
Duvessa closely misses you. Duvessa barely misses you.
You closely miss Duvessa.
Duvessa is lightly wounded.
Duvessa hits you with a +0 rapier.
You barely miss Duvessa.
Duvessa is lightly wounded.
Duvessa hits you with a +0 rapier.
* * * LOW HITPOINT WARNING * * *
The shadow imp summons a swarm of flies.
Duvessa hits you but does no damage.
You barely miss Duvessa.
Duvessa is lightly wounded.
Duvessa hits you with a +0 rapier!
* * * LOW HITPOINT WARNING * * *
Duvessa hits you with a +0 rapier!
You die...

.. .# #.## #.### #...
..... . #..#### ...#
..
######.....###...#...
.................>...
#######5##.#.#...5...
#e#............
#@######.#.....
#..))).#... <..
######)#..... .
#.#.#..... #.#.#..###
#.#.# .. #.#$# .##
#.# ...c....# #.#


You could see Duvessa (berserk) and a shadow imp.

Vanquished Creatures
  A bullfrog (D:6)
  A scorpion (D:6)
  Dowan (D:6)
  A hound (D:6)
  Crazy Yiuf (D:2)
  An iguana (D:6)
  An orc wizard (D:6)
  An adder (D:2)
  A shadow imp (D:6)
  2 dart slugs (D:1)
  4 orcs (D:6)
  8 ball pythons
  A bat (D:1)
  4 endoplasms
  4 giant cockroaches
  4 goblins
  2 hobgoblins
  4 jackals (D:1)
  4 kobolds
  3 quokkas
  A frilled lizard (D:1)
  5 rats
55 creatures vanquished.

Notes
Turn   | Place    | Note
-------+----------+-------------------------------------------
     0 | D:1      | SmokeWeed the Merfolk Gladiator began the quest for the
                  | Orb.
     0 | D:1      | Reached XP level 1. HP: 16/16 MP: 1/1
   108 | D:1      | Reached skill level 4 in Long Blades
   129 | D:1      | Reached XP level 2. HP: 21/22 MP: 2/2
   437 | D:1      | Reached XP level 3. HP: 27/28 MP: 3/3
   578 | D:1      | Found a faded altar of an unknown god.
   769 | D:2      | Identified a scroll of acquirement
  1180 | D:2      | Reached skill level 1 in Armour
  1180 | D:2      | Reached XP level 4. HP: 28/34 MP: 4/4
  1360 | D:2      | Found a runed translucent door.
  1361 | D:2      | Noticed Crazy Yiuf
  1373 | D:2      | Killed Crazy Yiuf
  1457 | D:3      | You fall into a shaft and drop 3 floors!
  1480 | D:6      | Noticed a bullfrog
  1490 | D:6      | Killed a bullfrog
  1491 | D:6      | Reached skill level 5 in Long Blades
  1491 | D:6      | Reached skill level 1 in Stealth
  1491 | D:6      | Reached XP level 5. HP: 29/40 MP: 5/5
  1668 | D:6      | Found a staircase to the Ecumenical Temple.
  1670 | D:6      | Noticed a centaur
  1707 | D:6      | Reached XP level 6. HP: 46/47 MP: 6/6
  1920 | D:6      | Noticed Dowan
  1971 | D:6      | Killed Dowan
  1999 | D:6      | Noticed Duvessa
  2008 | D:6      | Slain by Duvessa

Illustrated notes

Levels and vault maps discovered:
D:1:      minmay_arrival_three_doors, layout_basic,
          shapermc_ecumenical_altar_venn
D:2:      layout_loops_cross, uniq_crazy_yiuf_cottage
D:3:      layout_rooms, mainiacjoe_overflow_boulevard
D:6:      layout_basic, minmay_temple_entry_large_hall, uniq_duvessa

Skill      XL: |  1  2  3  4  5 |
---------------+----------------+-----
Long Blades    | 4 5 |  5.9
Armour         | 1 |  1.7
Stealth        | 1 |  1.4
Fighting       | 3 |  3.2
Throwing       | 3 |  3.6
Dodging        | |  4.5

Action                   |  1- 3 |  4- 6 || total
-------------------------+-------+-------++-------
Melee: Long sword        |    79 |    74 ||   153
       Punch             |       |     1 ||     1
Throw: Boomerang         |    14 |    32 ||    46
       Throwing net      |       |     7 ||     7
       Javelin           |       |     1 ||     1
  Use: Scroll            |     3 |       ||     3
 Stab: Held in net/web   |       |     1 ||     1
Armor: Leather armour    |    19 |    28 ||    47
       Chain mail        |       |     1 ||     1
Dodge: Dodged            |    60 |    34 ||    94

Table legend: (Time is in decaauts)
 A = Elapsed time spent in this place.
 B = Non-inter-level travel time spent in this place.
 C = Inter-level travel time spent in this place.
 D = Time resting spent in this place.
 E = Time spent auto-exploring this place.
 F = Levels seen in this place.
 G = Mean time per level.
                   A        B        C        D        E       F      G
               +--------+--------+--------+--------+--------+-----+--------+
         Total |   2026 |   1962 |     64 |    280 |   1136 |   4 |  506.5 |
       Dungeon |   2026 |   1962 |     64 |    280 |   1136 |   4 |  506.5 |
               +--------+--------+--------+--------+--------+-----+--------+

Top non-repeatable levels by time:
     D:1: 776 daAuts
     D:2: 687 daAuts
     D:6: 561 daAuts
